 Dungeon Crawl Stone Soup version 0.31.0-1-g2c135a008e (webtiles) character file.

Game seed: 16303970057432838938

1164 qw the Shooter (level 8, -2/58 HPs)
             Began as a Djinni Hunter on Jan 24, 2024.
             Was a Follower of Okawaru.
             Slain by a gnoll sergeant
             ... wielding a +0 trident
              (6 damage)
             ... on level 7 of the Dungeon.
             The game lasted 00:00:25 (5296 turns).

qw the Shooter (Djinni Hunter)                      Turns: 5296, Time: 00:00:25

Health: -2/58      AC:  5    Str: 10    XL:     8   Next: 67%
Gold:   214        EV: 11    Int: 12    God:    Okawaru [*.....] SH:  4 Dex: 18

rFire   + + .        j - +0 longbow
rCold   x . .        (shield currently unavailable)
rNeg    . . .        f - +0 ring mail
rPois   inf          (no helmet)
rElec   .            (no cloak)
rCorr   .            (no gloves)
SInv    .            (boots unavailable)
Will    .....        (no amulet)
Stlth   +            (no ring)
HPRegen 0.29/turn    (no ring)
MPRegen 0.00/turn

%: infuse magic (-3 HP)
@: flying
A: sickness immunity, fire resistance 2, cold vulnerability 1, float, innate
caster, HP casting, extra vitality 1, large bone plates 1, sense surroundings 1,
noise suppression
a: Renounce Religion, Heroism


You were on level 7 of the Dungeon.
You worshipped Okawaru.
Okawaru was aware of your devotion.
You visited 2 branches of the dungeon, and saw 8 of its levels.

You collected 214 gold pieces.


Innate Abilities, Weirdness & Mutations

You are immune to sickness and miasma.
You are immune to poison.
Your flesh is very heat resistant. (rF++)
You are vulnerable to cold. (rC-)
You float through the air rather than walking.
You learn spells naturally, not from books.
Your magical power is your life essence.
You have superior vitality. (+4 MHP)
You are partially covered in large bone plates. (SH +4)
You passively map a small area around you.
You passively dampen the noise of your surroundings.


   Skills:
 + Level 4.6 Fighting
 - Level 7.0 Ranged Weapons
 - Level 1.0 Armour
 - Level 3.0 Dodging
 - Level 0.7 Stealth
 + Level 3.7 Invocations


You knew the following spells:

 Your Spells              Type           Power      Damage    Failure   Level
a - Apportation           Tloc           0%         N/A       63%         1
b - Mercury Vapours       Alch/Air       0%         N/A       77%         2
c - Confusing Touch       Hex            0%         N/A       94%         3
Your spell library was empty.

Inventory:

Hand Weapons
 j - a +0 longbow (weapon)
Armour
 f - a +0 ring mail (worn)
Wands
 a - a wand of iceblast (6)
 b - a wand of digging (4)
Potions
 d - a potion of resistance
 h - a potion of curing
 k - a potion of haste {unknown}

Dungeon Overview and Level Annotations

Branches:
Dungeon (7/15)             Temple (1/1) D:4

Altars:
Ashenzari
Elyvilon
Fedhas
Gozag
Hepliaklqana
Nemelex Xobeh
Okawaru
Trog
Uskayaw
Wu Jian
Zin
The Shining One

Annotations:
D:3 1 runed translucent door, Crazy Yiuf


Message History

You fly downwards.
There is a stone staircase leading up here.
Waypoint 7 assigned to D:7.
A gnoll sergeant and 3 gnolls come into view.
A gnoll is wielding a +0 club and quivering 2 throwing nets.
The gnoll sergeant shouts!
The gnoll shouts!
You hear a shout!
You shoot an arrow. The arrow hits the gnoll.
The gnoll is lightly wounded.
You shoot an arrow. The arrow barely misses the gnoll.
You shoot an arrow. The arrow barely misses the gnoll.
You block the gnoll's attack. The gnoll hits you with a +0 club.
You shoot an arrow. The arrow hits the gnoll.
The gnoll is moderately wounded.
The gnoll hits you with a +0 club. The gnoll misses you.
The gnoll hits you with a +0 club. x2; You block the gnoll sergeant's attack.
You shoot an arrow. The arrow hits the gnoll!
You kill the gnoll!
Okawaru accepts your kill.
A gnoll comes into view. It is wielding a +0 spear.
The gnoll sergeant hits you from afar with a +0 trident!
The gnoll hits you with a +0 club.
You shoot an arrow. The arrow hits the gnoll!
The gnoll is heavily wounded.
The gnoll sergeant hits you from afar with a +0 trident.
The gnoll hits you but does no damage. The gnoll hits you with a +0 club.
The gnoll sergeant barely misses you.
You shoot an arrow. The arrow completely misses the gnoll.
The gnoll sergeant closely misses you. You block the gnoll's attack.
You shoot an arrow. The arrow closely misses the gnoll.
The gnoll sergeant closely misses you. The gnoll hits you with a +0 club.
The gnoll closely misses you.
The gnoll sergeant hits you from afar with a +0 trident.
You shoot an arrow. The arrow closely misses the gnoll.
The gnoll sergeant hits you from afar with a +0 trident!
The gnoll misses you.
You shoot an arrow. The arrow hits the gnoll!
You kill the gnoll!
Okawaru accepts your kill.
The gnoll sergeant hits you from afar with a +0 trident.
You die...

* #.# , ,*
#.#.# ,, ,,
#.#.# * *
#.#.# #.#g#
#########.#g#
#.........#g#
#.#########)#
#.........@)#
#############


You could see a gnoll sergeant and 2 gnolls.

Vanquished Creatures
  A black bear (D:6)
  An ice beast (D:6)
  An ogre (D:4)
  A kobold brigand (D:6)
  2 scorpions (D:5)
  3 orc priests
  A bombardier beetle (D:6)
  A sleepcap (D:5)
  A hound (D:6)
  Jessica (D:3)
  4 iguanas
  6 orc wizards
  3 adders
  8 gnolls
  A shadow imp (D:6)
  A white imp (D:6)
  A ribbon worm (D:2)
  5 dart slugs
  19 orcs
  7 endoplasms
  5 giant cockroaches
  17 goblins
  4 hobgoblins
  9 kobolds
  7 quokkas
  7 ball pythons
  5 bats
  3 frilled lizards
  7 rats
132 creatures vanquished.

Notes
Turn   | Place    | Note
-------+----------+-------------------------------------------
     0 | D:1      | qw the Djinni Hunter began the quest for the Orb.
     0 | D:1      | Reached XP level 1. HP: 18/18 MP: 0/0
     0 | D:1      | 0 ||| qw: Version: 0.3-a-136-gdd3b4e8
     0 | D:1      | 0 ||| qw: Game counter: 1256
     0 | D:1      | 0 ||| qw: Melee chars always use a shield: true
     0 | D:1      | 0 ||| qw: God list: Okawaru
     0 | D:1      | 0 ||| qw: Allow faded altars: false
     0 | D:1      | 0 ||| qw: Do Orc after clearing Dungeon:15 true
     0 | D:1      | 0 ||| qw: Do second Lair branch before Depths: true
     0 | D:1      | 0 ||| qw: Lair rune preference: random
     0 | D:1      | 0 ||| qw: Goals: Normal
     0 | D:1      | 0 ||| PLANNING D:1-11
    39 | D:1      | Reached XP level 2. HP: 23/23 MP: 0/0
   257 | D:1      | Reached skill level 4 in Ranged Weapons
   257 | D:1      | Reached XP level 3. HP: 28/28 MP: 0/0
   257 | D:1      | Learned a level 1 spell: Apportation
   627 | D:1      | 627 ||| READING scroll labelled DEUPI XAIROGHO.
   628 | D:1      | 628 ||| READING 2 scrolls labelled KERUSIT NOAGEY.
   629 | D:1      | 629 ||| DROPPING scroll of butterflies.
   630 | D:1      | 630 ||| DROPPING scroll of immolation.
   787 | D:2      | 787 ||| FLEEEEING.
   788 | D:2      | 788 ||| FLEEEEING.
   789 | D:2      | 789 ||| FLEEEEING.
   790 | D:2      | 790 ||| FLEEEEING.
   819 | D:2      | Found a glowing golden altar of the Shining One.
   833 | D:2      | Reached XP level 4. HP: 23/34 MP: 0/0
   837 | D:2      | 837 ||| FLEEEEING.
   838 | D:2      | 838 ||| FLEEEEING.
   839 | D:2      | 839 ||| FLEEEEING.
   842 | D:2      | 842 ||| FLEEEEING.
   883 | D:2      | Reached skill level 3 in Fighting
  1053 | D:2      | Reached skill level 3 in Dodging
  1120 | D:2      | 1120 ||| DROPPING +4 sling.
  1313 | D:2      | Reached XP level 5. HP: 40/40 MP: 0/0
  1313 | D:2      | Learned a level 2 spell: Mercury Vapours
  1548 | D:2      | 1548 ||| UPGRADING to +0 ring mail.
  1558 | D:2      | 1558 ||| DROPPING +0 leather armour.
  1559 | D:2      | 1559 ||| READING scroll labelled GIUHOFF SEJY.
  1559 | D:2      | 1559 ||| IDENTIFYING bubbling emerald potion
  1560 | D:2      | 1560 ||| DRINKING potion of mutation.
  1560 | D:2      | Gained mutation: You have hidden genetic potential. [potion
                  | of mutation]
  1560 | D:2      | Gained mutation: You passively dampen the noise of your
                  | surroundings. [potion of mutation]
  1561 | D:2      | 1561 ||| READING scroll labelled CAF CUISSEUS.
  1634 | D:2      | 1634 ||| DRINKING 2 bubbling green potions.
  1635 | D:2      | 1635 ||| DROPPING potion of magic.
  1820 | D:3      | Reached skill level 1 in Armour
  1865 | D:3      | Found a runed translucent door.
  1866 | D:3      | Noticed Crazy Yiuf
  2091 | D:3      | Noticed Jessica
  2094 | D:3      | Killed Jessica
  2426 | D:3      | 2426 ||| READING scroll of identify.
  2426 | D:3      | 2426 ||| IDENTIFYING bubbling yellow potion
  2427 | D:3      | 2427 ||| READING 2 scrolls labelled FISEWN GUME.
  2523 | D:3      | 2523 ||| READING scroll labelled WUMECV NIOMP.
  2523 | D:3      | 2523 ||| BRANDING +0 shortbow.
  2524 | D:3      | 2524 ||| READING scroll labelled JYONLA SOHOO.
  2525 | D:3      | 2525 ||| DRINKING 2 green potions.
  2526 | D:3      | 2526 ||| DROPPING potion of lignification.
  2702 | D:4      | 2702 ||| SWAPPING to +0 longbow.
  2727 | D:4      | 2727 ||| DROPPING +0 heavy shortbow.
  2731 | D:4      | Found a staircase to the Ecumenical Temple.
  2733 | D:4      | 2733 ||| PLANNING TEMPLE
  2733 | D:4      | 2733 ||| READING scroll of identify.
  2733 | D:4      | 2733 ||| IDENTIFYING fizzy dark potion
  2734 | D:4      | 2734 ||| READING scroll labelled RIMPUF NYNUU.
  2735 | D:4      | 2735 ||| DROPPING potion of berserk rage.
  2750 | D:4      | Reached XP level 6. HP: 28/46 MP: 0/0
  2755 | D:4      | Reached skill level 5 in Ranged Weapons
  2755 | D:4      | HP: 9/46 [adder (3)]
  2756 | D:4      | 2756 ||| READING scroll of teleportation.
  2756 | D:4      | HP: 3/46 [orc wizard/+0 dagger (3)]
  2757 | D:4      | 2757 ||| DRINKING potion of heal wounds.
  2765 | D:4      | Gained mutation: You are partially covered in large bone
                  | plates. (SH +4) [hidden potential]
  2882 | Temple   | Entered the Ecumenical Temple
  2883 | Temple   | 2883 ||| PLANNING OKAWARU WORSHIP
  2892 | Temple   | Became a worshipper of Warmaster Okawaru
  2893 | Temple   | 2893 ||| PLANNING D:1-11
  3173 | D:4      | Noticed an ogre
  3183 | D:4      | Killed an ogre
  3184 | D:4      | Reached XP level 7. HP: 35/52 MP: 0/0
  3184 | D:4      | Learned a level 3 spell: Confusing Touch
  3248 | D:4      | 3248 ||| READING scroll labelled RURAST BYDON.
  3249 | D:4      | 3249 ||| DRINKING 2 dark potions.
  3276 | D:5      | Entered Level 5 of the Dungeon
  3305 | D:5      | Gained mutation: You passively map a small area around you.
                  | [hidden potential]
  3305 | D:5      | Lost mutation: You have hidden genetic potential. [hidden
                  | potential expressed]
  3491 | D:5      | Reached skill level 6 in Ranged Weapons
  3715 | D:5      | Reached * piety under Okawaru
  4004 | D:5      | Reached skill level 1 in Invocations
  4204 | D:5      | 4204 ||| READING scroll of identify.
  4204 | D:5      | 4204 ||| IDENTIFYING bubbling red potion
  4205 | D:5      | 4205 ||| READING scroll labelled WURESU BYOTI.
  4206 | D:5      | 4206 ||| READING 2 scrolls labelled HIJURR NETHEYCW.
  4307 | D:5      | 4307 ||| READING scroll labelled YNANEU UFUYH.
  4308 | D:5      | 4308 ||| DROPPING scroll of silence.
  4399 | D:6      | 4399 ||| FLEEEEING.
  4400 | D:6      | 4400 ||| FLEEEEING.
  4401 | D:6      | 4401 ||| FLEEEEING.
  4402 | D:6      | 4402 ||| FLEEEEING.
  4403 | D:6      | 4403 ||| FLEEEEING.
  4409 | D:6      | Reached XP level 8. HP: 47/58 MP: 0/0
  4415 | D:6      | 4415 ||| FLEEEEING.
  4416 | D:6      | 4416 ||| FLEEEEING.
  4417 | D:6      | 4417 ||| FLEEEEING.
  4418 | D:6      | 4418 ||| FLEEEEING.
  4419 | D:6      | 4419 ||| FLEEEEING.
  4420 | D:6      | 4420 ||| FLEEEEING.
  4421 | D:6      | 4421 ||| FLEEEEING.
  4422 | D:6      | 4422 ||| FLEEEEING.
  4423 | D:6      | 4423 ||| FLEEEEING.
  4424 | D:6      | 4424 ||| FLEEEEING.
  4426 | D:6      | 4426 ||| STAIRDANCE
  4640 | D:6      | Reached skill level 7 in Ranged Weapons
  4730 | D:6      | Reached skill level 3 in Invocations
  5037 | D:6      | 5037 ||| FLEEEEING.
  5038 | D:6      | 5038 ||| FLEEEEING.
  5039 | D:6      | 5039 ||| FLEEEEING.
  5040 | D:6      | 5040 ||| FLEEEEING.
  5041 | D:6      | 5041 ||| FLEEEEING.
  5042 | D:6      | 5042 ||| FLEEEEING.
  5043 | D:6      | 5043 ||| FLEEEEING.
  5044 | D:6      | 5044 ||| FLEEEEING.
  5046 | D:6      | 5046 ||| FLEEEEING.
  5047 | D:6      | 5047 ||| FLEEEEING.
  5048 | D:6      | 5048 ||| FLEEEEING.
  5049 | D:6      | 5049 ||| FLEEEEING.
  5050 | D:6      | 5050 ||| FLEEEEING.
  5051 | D:6      | 5051 ||| FLEEEEING.
  5052 | D:6      | 5052 ||| FLEEEEING.
  5053 | D:6      | 5053 ||| FLEEEEING.
  5054 | D:6      | 5054 ||| FLEEEEING.
  5238 | D:6      | 5238 ||| READING scroll of identify.
  5238 | D:6      | 5238 ||| IDENTIFYING fuming coppery potion
  5239 | D:6      | 5239 ||| DROPPING potion of degeneration.
  5294 | D:7      | HP: 11/58 [gnoll sergeant/+0 trident (6)]
  5295 | D:7      | HP: 3/58 [gnoll sergeant/+0 trident (8)]
  5296 | D:7      | Slain by a gnoll sergeant

Levels and vault maps discovered:
D:1:      wander_arrival_chamber, layout_basic, minmay_crystal_room,
          minmay_statues_item
D:2:      wad_woods_stonehenge, layout_basic, kennysheep_nub
D:3:      layout_loops_ring, uniq_crazy_yiuf_cottage, uniq_jessica
D:4:      layout_cave_pools, minmay_temple_entry_slanted, minmay_ogre_servants
D:5:      layout_basic, nicolae_titane
D:6:      layout_cave_pools
D:7:      layout_basic
Temple:   nicolae_temple_great_sept

Skill      XL: |  1  2  3  4  5  6  7  8 |
---------------+-------------------------+-----
Ranged Weapons | 4 5 6 7 |  7.0
Fighting       | 3 4 |  4.6
Dodging        | 3 |  3.0
Armour         | 1 |  1.0
Invocations    | 1 3 |  3.7
Stealth        | |  0.7

Action                     |  1- 3 |  4- 6 |  7- 9 || total
---------------------------+-------+-------+-------++-------
   Fire: Shortbow          |    92 |   127 |       ||   219
         Longbow           |       |    53 |   156 ||   209
    Use: Scroll            |     2 |     9 |     6 ||    17
         Potion            |       |     4 |     1 ||     5
 Armour: Leather armour    |    11 |    11 |       ||    22
         Ring mail         |       |    54 |    83 ||   137
  Dodge: Dodged            |    18 |    70 |    61 ||   149
  Block: Other             |       |     4 |    21 ||    25

Table legend:
 A = Non-vault XP
 B = Vault XP
 C = Vault XP percentage of total XP
 D = Non-vault monster count
 E = Vault monster count
 F = Vault count percentage of total count
                 A         B        C        D         E       F
            +---------+---------+-------+---------+---------+-------
      Total |    1467 |     211 |  12.6 |     114 |      18 |  13.6
            +---------+---------+-------+---------+---------+-------
        D:1 |      48 |       0 |   0.0 |      28 |       0 |   0.0
        D:2 |      50 |      42 |  45.7 |      18 |       8 |  30.8
        D:3 |      28 |      37 |  56.9 |      11 |       1 |   8.3
        D:4 |     231 |     132 |  36.4 |      21 |       9 |  30.0
        D:5 |     402 |       0 |   0.0 |      12 |       0 |   0.0
        D:6 |     680 |       0 |   0.0 |      22 |       0 |   0.0
        D:7 |      28 |       0 |   0.0 |       2 |       0 |   0.0
            +---------+---------+-------+---------+---------+-------
